 Dungeon Crawl Stone Soup version 0.31-a0-246-g8cbcc1cb85 (webtiles) character file.

Game seed: 5517711796004375787

235 qw the Shooter (level 6, -16/37 HPs)
             Began as a Gargoyle Hexslinger on July 12, 2023.
             Demolished by an ogre
             ... wielding a +0 giant spiked club
              (32 damage)
             ... on level 3 of the Dungeon.
             The game lasted 00:01:00 (1728 turns).

qw the Shooter (Gargoyle Hexslinger)                Turns: 1728, Time: 00:01:01

Health: -16/37     AC:  7    Str: 11    XL:     6   Next: 5%
Magic:  7/7        EV: 11    Int: 14    God:
Gold:   92         SH:  0    Dex: 14    Spells: 6/7 levels left

rFire   . . .        Y - +1 sling
rCold   . . .        (no shield)
rNeg    + . .        g - +0 leather armour
rPois   inf          (no helmet)
rElec   +            (no cloak)
rCorr   .            (no gloves)
SInv    .            (no boots)
Will    .....        b - amulet of regeneration
Stlth   +            (no ring)
HPRegen 1.06/turn    (no ring)
MPRegen 0.10/turn

%: no passive effects
@: no status effects
A: sickness immunity, AC +4, negative energy resistance 1, electricity
resistance, torment resistance 1, petrification resistance
a: no special abilities


You were on level 3 of the Dungeon.
You visited 1 branch of the dungeon, and saw 3 of its levels.

You collected 92 gold pieces.


Innate Abilities, Weirdness & Mutations

You are immune to sickness and miasma.
Your stone body is resilient. (AC +4)
You are immune to poison.
You resist negative energy. (rN+)
You are resistant to electric shocks. (rElec)
You are resistant to unholy torment.
You are immune to petrification.


   Skills:
 - Level 3.3 Fighting
 + Level 5.3 Ranged Weapons
 - Level 1.5 Dodging
 - Level 1.0 Spellcasting
 - Level 2.6 Hexes


You had 6 spell levels left.
You knew the following spells:

 Your Spells              Type           Power      Damage    Failure   Level
a - Slow                  Hex            32%        N/A       12%         1

Your spell library contained the following spells:

 Spells                   Type           Power      Damage    Failure   Level
 Inner Flame              Hex/Fire       4%         N/A       52%         3
 Portal Projectile        Hex/Tloc       8%         N/A       52%         3
 Cause Fear               Hex            4%         N/A       75%         4

Inventory:

Hand Weapons
 Y - a +1 sling (weapon)
Armour
 g - a +0 leather armour (worn)
Jewellery
 a - an amulet of the acrobat
 b - an amulet of regeneration (around neck)
Scrolls
 c - a scroll of identify
Potions
 d - 3 potions of curing
 f - 2 potions of degeneration {unknown}
 h - a potion of heal wounds {unknown}

Dungeon Overview and Level Annotations

Branches:
Dungeon (3/15)

Altars:
Xom

Annotations:
D:2 1 runed translucent door, Crazy Yiuf


Message History

The sling bullet closely misses the hobgoblin.
You shoot a sling bullet.
The sling bullet barely misses the hobgoblin.
The hobgoblin closely misses you. x2
You shoot a sling bullet. The sling bullet hits the hobgoblin.
The hobgoblin is almost dead.
The hobgoblin barely misses you.
You shoot a sling bullet.
The sling bullet closely misses the hobgoblin.
The hobgoblin closely misses you.
You shoot a sling bullet. The sling bullet hits the hobgoblin!
You kill the hobgoblin!
You see here a hobgoblin corpse.
You see here an adder corpse.
You now have 92 gold pieces (gained 5).
An ogre comes into view. It is wielding a +0 giant spiked club.
Enter note:
Enter note: You shoot a sling bullet.
The sling bullet hits the ogre!
The ogre is moderately wounded.
You shoot a sling bullet. The sling bullet hits the ogre.
The ogre is heavily wounded.
You shoot a sling bullet.
The sling bullet barely misses the ogre.
You shoot a sling bullet.
The sling bullet barely misses the ogre.
You shoot a sling bullet. The sling bullet hits the ogre.
The ogre is heavily wounded.
You shoot a sling bullet.
The sling bullet barely misses the ogre.
The ogre closely misses you.
You shoot a sling bullet.
The sling bullet barely misses the ogre.
The ogre hits you with a +0 giant spiked club!!
Ouch! That really hurt!
You shoot a sling bullet. The sling bullet hits the ogre!
The ogre is severely wounded.
The ogre hits you with a +0 giant spiked club!!
Ouch! That really hurt!
You die...

#... ##...##.#.###.##
##. ##.###...# #.# # #.#
#..####.# #%# #.....#.#
#%# #.###.#.#
##.###.###.#.## .
##...##.....>...
....##+##.....#####.###.
.8....O@...8..# #.# #.
....#####.....# #.###. .
##...## #..... #####
######


You could see an ogre.

Vanquished Creatures
  4 crimson imps (D:3)
  4 adders
  3 worms
  A dart slug (D:2)
  9 endoplasms
  4 goblins
  4 hobgoblins
  6 kobolds
  4 quokkas
  5 ball pythons
  4 bats
  4 frilled lizards
  4 rats
56 creatures vanquished.

Notes
Turn   | Place    | Note
-------+----------+-------------------------------------------
     0 | D:1      | qw the Gargoyle Hexslinger began the quest for the Orb.
     0 | D:1      | Reached XP level 1. HP: 12/12 MP: 2/2
     0 | D:1      | 0 ||| qw: Version: 0.3-a-52-g30416fa
     0 | D:1      | 0 ||| qw: Game counter: 6252
     0 | D:1      | 0 ||| qw: Melee chars always use a shield: true
     0 | D:1      | 0 ||| qw: God list: Okawaru
     0 | D:1      | 0 ||| qw: Allow faded altars: false
     0 | D:1      | 0 ||| qw: Do Orc after clearing Dungeon:15 true
     0 | D:1      | 0 ||| qw: Do second Lair branch before Depths: true
     0 | D:1      | 0 ||| qw: Lair rune preference: random
     0 | D:1      | 0 ||| qw: Goals: Normal
     0 | D:1      | 0 ||| PLANNING D:1-11
   132 | D:1      | Reached XP level 2. HP: 16/16 MP: 3/3
   238 | D:1      | Reached skill level 3 in Ranged Weapons
   606 | D:1      | 606 ||| READING scroll labelled ZISI HUNUAJ.
   607 | D:1      | 607 ||| DROPPING scroll of poison.
   616 | D:2      | Reached XP level 3. HP: 21/21 MP: 4/4
   732 | D:2      | 732 ||| FLEEEEING.
   733 | D:2      | 733 ||| FLEEEEING.
   829 | D:2      | Found a faded altar of an unknown god.
  1020 | D:2      | Reached XP level 4. HP: 24/26 MP: 5/5
  1032 | D:2      | Reached skill level 4 in Ranged Weapons
  1109 | D:2      | Found a runed translucent door.
  1110 | D:2      | Noticed Crazy Yiuf
  1195 | D:2      | 1195 ||| UPGRADING to +0 leather armour.
  1205 | D:2      | 1205 ||| DROPPING +0 robe.
  1206 | D:2      | 1206 ||| UPGRADING to amulet of regeneration.
  1211 | D:2      | 1211 ||| READING scroll labelled OLUBEDAIRU.
  1212 | D:2      | 1212 ||| READING scroll labelled JEEPRO QAPNI.
  1236 | D:2      | 1236 ||| DRINKING 4 bubbling white potions.
  1365 | D:3      | Found a shimmering altar of Xom.
  1476 | D:3      | Reached skill level 5 in Ranged Weapons
  1476 | D:3      | Reached XP level 5. HP: 26/30 MP: 6/6
  1504 | D:3      | Reached skill level 3 in Fighting
  1680 | D:3      | Reached XP level 6. HP: 27/37 MP: 7/7
  1728 | D:3      | Demolished by an ogre

Levels and vault maps discovered:
D:1:      roderic_octagonal_star, layout_loops_ring, minmay_distorted
D:2:      minmay_evil_eye, layout_rooms,
          shapermc_ecumenical_altar_mp_ritualfount, uniq_crazy_yiuf_cottage
D:3:      minmay_octagon_keep, layout_basic, led_xom_imps

Skill      XL: |  1  2  3  4  5 |
---------------+----------------+-----
Ranged Weapons | 3 5 |  5.3
Fighting       | 2 3 |  3.3
Dodging        | |  1.5
Spellcasting   | |  1.0
Hexes          | |  2.6

Action                     |  1- 3 |  4- 6 || total
---------------------------+-------+-------++-------
   Fire: Sling             |    93 |   190 ||   283
    Use: Scroll            |     1 |     2 ||     3
         Potion            |       |     1 ||     1
 Armour: Robe              |     7 |     4 ||    11
         Leather armour    |       |    67 ||    67
  Dodge: Dodged            |    18 |    90 ||   108

Table legend:
 A = Non-vault XP
 B = Vault XP
 C = Vault XP percentage of total XP
 D = Non-vault monster count
 E = Vault monster count
 F = Vault count percentage of total count
                 A         B        C        D         E       F
            +---------+---------+-------+---------+---------+-------
      Total |      88 |     248 |  73.8 |      41 |      15 |  26.8
            +---------+---------+-------+---------+---------+-------
        D:1 |      31 |       2 |   6.1 |      22 |       1 |   4.3
        D:2 |      47 |      18 |  27.7 |      15 |       3 |  16.7
        D:3 |      10 |     228 |  95.8 |       4 |      11 |  73.3
            +---------+---------+-------+---------+---------+-------
